AoeStats
← tom

Golden Pit

508940009Analyzed
1v1 RM · 7d ago on Sep 24, 2026· 38m 27s· 2 players
Game mode
Random Map
Map size
Tiny (2 player)
Population
200
Speed
Normal
Resources
Standard
Victory
Conquest
Starting age
Dark Age
Ending age
Imperial Age
RankedLock teamsTeams togetherTeam positionsShared explorationLock speedFull tech treeHidden civsTurbo modeCheats
Victory
Defeat
🇨🇱 Cumans · Chile
744
+17
🇱🇻 Japanese · Latvia
772
-17
Ytsejamer
2:56 Loom
3:13 Loom
10:16 Feudal Age
16:56 Castle Age
17:31 Forging
21:59 Horse Collar
25:20 Wheelbarrow
28:54 Double-Bit Axe
29:24 Bloodlines
29:51 Scale Barding Armor
31:16 Bow Saw
32:20 Hand Cart
33:39 Fletching
35:13 Steppe Husbandry
36:44 Iron Casting
37:18 Chain Barding Armor
38:14 Bodkin Arrow
tom
6:17 Loom
10:43 Feudal Age
10:44 Man-at-Arms
12:29 Double-Bit Axe
16:13 Gold Mining
19:34 Fletching
19:47 Scale Mail Armor
20:40 Padded Archer Armor
23:39 Castle Age
25:41 Crossbowman
27:36 Bodkin Arrow
27:56 Pikeman
30:55 Wheelbarrow
31:19 Gold Shaft Mining
31:28 Forging
32:39 Leather Archer Armor
32:54 Scale Barding Armor
Connection lost

Rejoining the realm…

Still unreachable

The connection could not be restored.

Session expired

The server has moved on; the page needs a fresh start.